 Dungeon Crawl Stone Soup version 0.30-a0-793-g160f7cfddd (webtiles) character file.

Game seed: 14661311283841648596

30916 jasper the Destroyer (level 13, -2/88 HPs)
             Began as a Gargoyle Earth Elementalist on Feb 19, 2023.
             Was an Elder of Vehumet.
             Slain by Donald
             ... wielding a +5 eveningstar of protection
              (27 damage)
             ... on level 2 of the Orcish Mines.
             The game lasted 00:33:13 (16180 turns).

jasper the Destroyer (Gargoyle Earth Elementalist) Turns: 16180, Time: 00:33:13

Health: -2/88      AC: 21    Str: 12    XL:     13   Next: 54%
Magic:  10/27      EV: 18    Int: 21    God:    Vehumet [****..]
Gold:   886        SH:  4    Dex: 10    Spells: 16/32 levels left

rFire   . . .      SeeInvis .    P - staff of earth
rCold   + . .      Faith    .    j - +0 buckler
rNeg    + . .      Spirit   .    s - +3 steam dragon scales
rPois   ∞          Reflect  .    y - +1 helmet
rElec   +          Harm     .    F - +0 cloak
rCorr   +          Rampage  .    U - +0 pair of gloves {Stlth+}
Will    .....                    (no boots)
Stlth   +++                      H - amulet of magic regeneration
HPRegen 0.34/turn                l - ring of resist corrosion
MPRegen 0.60/turn                E - +5 ring of evasion

@: about to teleport
A: sickness immunity, AC +9, negative energy resistance 1, electricity
resistance, torment resistance 1, petrification resistance, cold resistance 1,
robust 1
a: Renounce Religion


You were on level 2 of the Orcish Mines.
You worshipped Vehumet.
Vehumet was greatly pleased with you.
You visited 3 branches of the dungeon, and saw 15 of its levels.
You also visited: Bailey and Gauntlet.

You collected 1048 gold pieces.
You spent 162 gold pieces at shops.

Inventory:

Hand Weapons
 c - a +0 dagger
 f - a +0 hand axe
 n - a +0 spectral short sword
 p - a +2 short sword of draining
Missiles
 g - 33 poisoned darts
 r - 5 throwing nets
 G - 68 stones
 Q - 3 curare-tipped darts
Armour
 a - a +0 robe
 e - an orb of energy
 j - a +0 buckler (worn)
 s - +3 steam dragon scales (worn)
 y - a +1 helmet (worn)
 F - a +0 cloak (worn)
 S - a +0 pair of gloves
 U - a +0 pair of gloves of stealth (worn)
Magical Staves
 P - a staff of earth (weapon)
Jewellery
 l - a ring of resist corrosion (left hand)
 z - a ring of fire
 E - a +5 ring of evasion (right hand)
 H - an amulet of magic regeneration (around neck)
 M - a ring of magical power
 V - a ring of willpower
Wands
 k - a wand of flame (23)
 u - a wand of paralysis (19)
 A - a wand of roots (12)
 R - a wand of mindburst (7)
Scrolls
 i - a scroll of amnesia
 q - a scroll of magic mapping
 J - a scroll of silence
 L - 5 scrolls of identify
 N - 2 scrolls of poison
Potions
 b - a potion of magic
 d - 6 potions of might
 h - 6 potions of brilliance
 m - a potion of mutation
 o - 2 potions of degeneration
 t - 2 potions of haste
 v - a potion of flight {unknown}
 w - 2 potions of cancellation
 x - a potion of attraction
 B - 2 potions of lignification
 D - a potion of invisibility
 K - a potion of berserk rage
 O - 7 potions of ambrosia


   Skills:
 + Level 9.0 Fighting
 * Level 8.1 Staves
 + Level 7.1 Dodging
 - Level 2.1 Stealth
 - Level 4.0 Shields
 + Level 10.3 Spellcasting
 - Level 11.0 Conjurations
 - Level 3.0 Transmutations
 - Level 3.0 Air Magic
 - Level 10.0 Earth Magic
 - Level 2.0 Poison Magic


You had 16 spell levels left.
You knew the following spells:

 Your Spells              Type           Power      Damage    Failure   Level
a - Sandblast             Erth           100%       2d20      1%          1
b - Passwall              Tmut/Erth      45%        N/A       1%          2
c - Stone Arrow           Conj/Erth      100%       3d13      1%          3
d - Mephitic Cloud        Conj/Pois/Air  33%        N/A       1%          3
e - Swiftness             Air            23%        N/A       7%          3
f - Petrify               Tmut/Erth      55%        N/A       5%          4

Your spell library contained the following spells:

 Spells                   Type           Power      Damage    Failure   Level
 Fulminant Prism          Conj/Hex       16%        3d10      2%          4
 Poisonous Vapours        Pois/Air       42%        N/A       1%          2
 Ensorcelled Hibernation  Hex/Ice        20%        N/A       12%         2
 Lesser Beckoning         Tloc           20%        N/A       12%         2
 Gell's Gravitas          Tloc           10%        N/A       24%         3
 Teleport Other           Tloc           10%        N/A       24%         3
 Cause Fear               Hex            5%         N/A       63%         4
 Dragon Form              Tmut           11%        N/A       100%        7
 Dragon's Call            Summ           5%         N/A       100%        9
 Cigotuvi's Dreadful Rot  Necr/Pois/Air  Unusable   N/A       N/A         2

Dungeon Overview and Level Annotations

Branches:
Dungeon (12/15)            Temple (1/1) D:6            Lair (0/5) D:10
    Orc (2/2) D:12            Elf (0/3) Orc:2        Bailey (visited)
Gauntlet (visited)

Altars:
Ashenzari
Cheibriados
Dithmenos
Elyvilon
Fedhas
Gozag
Hepliaklqana
Kikubaaqudgha
Makhleb
Nemelex Xobeh
Okawaru
Qazlal
Ru
Sif Muna
Trog
Uskayaw
Vehumet
Wu Jian
Xom
Yredelemnul
Zin
The Shining One

Shops:
D:1 :   D:5 *

Annotations:
D:4 2 transporters, themarg's ghost, amateur DsHW
D:12 Jorgrun
Orc:2 Donald


Innate Abilities, Weirdness & Mutations

You are immune to sickness and miasma.
Your stone body is resilient. (AC +9)
You are immune to poison.
You resist negative energy. (rN+)
You are resistant to electric shocks. (rElec)
You are resistant to unholy torment.
You are immune to petrification.
Your flesh is cold resistant. (rC+)
You are robust. (+10% HP)


Message History

Aiming: Mindburst
Press: ? - help, Shift-Dir - straight line, f/p - Donald
Aim: Donald, wielding a +5 eveningstar of protection, wearing a +1 chain mail of cold resistance and wearing a +0 kite shield (noxious fumes, lightly wounded, strong, confused, chance to affect: 6%)
Okay, then.
Aiming: Paralyse
Press: ? - help, Shift-Dir - straight line, f/p - Donald
Aim: Donald, wielding a +5 eveningstar of protection, wearing a +1 chain mail of cold resistance and wearing a +0 kite shield (noxious fumes, lightly wounded, strong, confused, chance to affect: 1%)
Okay, then.
Aiming: Corrosive Bolt
Press: ? - help, Shift-Dir - straight line, f/p - Donald
Aim: Donald, wielding a +5 eveningstar of protection, wearing a +1 chain mail of cold resistance and wearing a +0 kite shield (noxious fumes, lightly wounded, strong, confused, 98% to hit)
The bolt of acid hits Donald but does no damage.
Donald is lightly wounded.
The now-empty wand crumbles to dust.
Donald is engulfed in noxious fumes.
Donald screams.
Aiming: Fastroot
Press: ? - help, Shift-Dir - straight line, f/p - Donald
Aim: Donald, wielding a +5 eveningstar of protection, wearing a +1 chain mail of cold resistance and wearing a +0 kite shield (lightly wounded, strong, confused)
The roots erupt in riotous growth!
Roots grab Donald.
The grasping roots constrict Donald.
You hear two shouts!
You hear a shout!
Donald struggles to escape constriction.
A cyclops comes into view.
The grasping roots constrict Donald.
The roots release their grip on Donald.
Donald sticks a finger up his nose.
Donald seems less confused.
Donald mumbles some strange words.
Donald seems to speed up.
The cyclops throws a large rock.
The large rock barely misses you. The cyclops hits you!
You take 17 damage, and have 41/88 hp.
As you read the scroll of teleportation, it crumbles to dust.
You feel strangely unstable.
Donald shakes his head.
Donald says, "These orcs are so stupid, they must've eaten the rune."
Donald hits you with a +5 eveningstar of protection!
* * * LOW HITPOINT WARNING * * *
Donald hits you with a +5 eveningstar of protection!!
You die...

##.#..............,,,,**
#.........)).......,,,,*
##.................,*,**
#...._........#..,****
##...).........#,**
#..............##*
##..............#
##.....@.......#*
#.....@C##.#...# *
##.##.......#.### **
##*###.##..†##.##** *,
##*####...))).#,##*.
##.####...)##)#...#..
##....#...))....#.....
#...∩..#..............
##....##........#.....
##...#.......#<[))...


You could see Donald (fast, strong) and a cyclops.

Vanquished Creatures
  A minotaur (Gauntlet)
  Fannar (D:11)
  2 vault guards (Bailey)
  2 ogre magi (Orc:2)
  8 two-headed ogres
  Sonja (D:11)
  Amaemon (D:10)
  2 deep trolls
  2 wizards (Gauntlet)
  2 orc sorcerers (Orc:1)
  3 cyclopes
  Maurice (D:11)
  A torpor snail (Gauntlet)
  An orange demon (D:10)
  9 trolls
  A queen bee (D:10)
  3 hornets (Gauntlet)
  A blink frog (Bailey)
  Prince Ribbit (D:8)
  A shadow (D:10)
  4 wyverns
  23 yaks
  2 basilisks
  3 humans (Bailey)
  3 steam dragons
  4 vampire mosquitoes (D:10)
  2 wargs
  3 water moccasins
  An acid dragon (D:11)
  7 orc warriors
  A sky beast (D:6)
  2 ice beasts (D:6)
  18 ogres
  A centaur (D:11)
  3 wolves (Gauntlet)
  2 phantoms
  2 kobold brigands (D:9)
  13 bullfrogs
  2 necrophages
  A scorpion (D:5)
  5 wights
  33 killer bees
  2 howler monkeys (D:10)
  8 orc priests
  2 gnoll boudas (D:4)
  3 hounds
  7 iguanas
  30 orc wizards
  13 gnolls
  7 adders
  A shadow imp (Gauntlet)
  6 white imps
  4 ufetubi
  A worm (D:2)
  3 dart slugs
  52 orcs
  8 endoplasms
  3 giant cockroaches
  9 goblins
  8 hobgoblins
  3 quokkas
  2 ball pythons (D:4)
  3 bats
  17 kobolds
  7 rats
378 creatures vanquished.

Vanquished Creatures (others)
  An orc wizard (D:9)
  2 bushes (D:10)
  11 fungi
  33 plants
  8 withered plants (D:3)
55 creatures vanquished.

Grand Total: 433 creatures vanquished

Notes
Turn   | Place    | Note
-------+----------+-------------------------------------------
     0 | D:1      | jasper the Gargoyle Earth Elementalist began the quest for
                  | the Orb.
     0 | D:1      | Reached XP level 1. HP: 10/10 MP: 3/3
   297 | D:1      | Found Jihaongimo's Vocational Training.
   355 | D:1      | Reached XP level 2. HP: 15/15 MP: 3/5
   358 | D:1      | Learned a level 2 spell: Passwall
   791 | D:2      | Reached XP level 3. HP: 8/19 MP: 4/6
   795 | D:2      | Learned a level 3 spell: Stone Arrow
  1425 | D:3      | Reached skill level 1 in Conjurations
  1465 | D:3      | Reached XP level 4. HP: 19/24 MP: 1/8
  1733 | D:3      | Reached skill level 1 in Shields
  1807 | D:3      | Found a blossoming altar of Fedhas.
  1904 | D:3      | Found a faded altar of an unknown god.
  2063 | D:3      | Reached skill level 5 in Earth Magic
  2484 | D:4      | Reached XP level 5. HP: 28/28 MP: 7/9
  2488 | D:4      | Learned a level 3 spell: Mephitic Cloud
  2549 | D:4      | Found a transporter.
  2552 | D:4      | Noticed themarg's ghost (amateur DsHW)
  2585 | D:4      | Reached skill level 2 in Conjurations
  2924 | D:4      | Reached skill level 1 in Poison Magic
  2936 | D:4      | Reached XP level 6. HP: 19/32 MP: 2/10
  2938 | D:4      | Reached skill level 3 in Conjurations
  3045 | D:4      | Reached skill level 1 in Air Magic
  3178 | D:4      | Found a hide-covered altar of Uskayaw.
  3660 | D:4      | Gained mutation: You are robust. (+10% HP) [potion of
                  | mutation]
  3660 | D:4      | Gained mutation: Your flesh is cold resistant. (rC+)
                  | [potion of mutation]
  3818 | D:4      | Found a transporter.
  3855 | D:4      | Reached XP level 7. HP: 39/39 MP: 8/12
  3979 | D:5      | Entered Level 5 of the Dungeon
  3990 | D:5      | Reached skill level 4 in Conjurations
  4845 | D:5      | Reached skill level 5 in Conjurations
  4998 | D:5      | Reached XP level 8. HP: 45/45 MP: 0/14
  5233 | D:5      | Found Xaxkovar's Assorted Antiques.
  5241 | D:5      | Bought a helmet for 112 gold pieces
  5241 | D:5      | Bought a scroll of identify for 50 gold pieces
  5621 | D:6      | Found a staircase to the Ecumenical Temple.
  5634 | Temple   | Entered the Ecumenical Temple
  5914 | D:6      | Noticed an air elemental
  5941 | D:6      | Reached skill level 6 in Conjurations
  6261 | D:6      | Reached skill level 5 in Spellcasting
  6261 | D:6      | Reached skill level 7 in Conjurations
  6989 | D:6      | Found a stormy altar of Qazlal.
  6993 | D:6      | Noticed a water elemental
  7296 | D:7      | Reached skill level 8 in Conjurations
  7296 | D:7      | Reached XP level 9. HP: 49/49 MP: 9/17
  7631 | D:7      | Learned a level 3 spell: Swiftness
  7956 | D:7      | Identified the +6 scale mail of Beyond {rElec}
  8191 | D:8      | Reached skill level 9 in Conjurations
  8793 | D:8      | Noticed a two-headed ogre
  8796 | D:8      | Killed a two-headed ogre
  8797 | D:8      | Reached skill level 10 in Conjurations
  8797 | D:8      | Reached XP level 10. HP: 55/55 MP: 9/20
  9077 | D:8      | Noticed Prince Ribbit
  9083 | D:8      | Killed Prince Ribbit
  9255 | D:8      | Reached skill level 11 in Conjurations
  9668 | D:9      | Reached skill level 1 in Fighting
 10046 | D:9      | Found a flagged portal.
 10072 | Bailey   | Entered a bailey
 10451 | Bailey   | Noticed a vault guard
 10477 | Bailey   | Killed a vault guard
 10643 | Bailey   | Learned a level 4 spell: Petrify
 10692 | Bailey   | Noticed a vault guard
 10747 | Bailey   | Killed a vault guard
 10748 | Bailey   | Reached skill level 1 in Transmutations
 10748 | Bailey   | Reached XP level 11. HP: 15/66 MP: 2/22
 11780 | D:10     | Entered Level 10 of the Dungeon
 11876 | D:10     | Noticed Amaemon
 11884 | D:10     | Killed Amaemon
 12093 | D:10     | Found a radiant altar of Vehumet.
 12096 | D:10     | Became a worshipper of Vehumet
 12145 | D:10     | Reached skill level 5 in Fighting
 12326 | D:10     | Found a staircase to the Lair.
 12378 | D:10     | Reached skill level 10 in Earth Magic
 12475 | D:10     | Reached * piety under Vehumet
 12475 | D:10     | Offered knowledge of Magic Dart by Vehumet.
 12578 | D:10     | Identified the +6 scale mail of Otiokic {Int-2 Dex+4}
 12749 | D:10     | Reached skill level 5 in Dodging
 12751 | D:10     | Reached XP level 12. HP: 29/77 MP: 20/24
 13172 | D:11     | Noticed Sonja
 13174 | D:11     | Killed Sonja
 13175 | D:11     | Reached skill level 1 in Staves
 13298 | D:11     | Offered knowledge of Searing Ray by Vehumet.
 13357 | D:11     | Reached ** piety under Vehumet
 13371 | D:11     | Noticed Fannar
 13376 | D:11     | Killed Fannar
 13544 | D:11     | Noticed a two-headed ogre
 13548 | D:11     | Killed a two-headed ogre
 13661 | D:11     | Noticed a two-headed ogre
 13665 | D:11     | Killed a two-headed ogre
 13890 | D:11     | Noticed Maurice
 13919 | D:11     | Killed Maurice
 14126 | D:12     | Noticed Jorgrun
 14339 | D:12     | Found a staircase to the Orcish Mines.
 14348 | Orc:1    | Entered Level 1 of the Orcish Mines
 14461 | Orc:1    | Offered knowledge of Dazzling Flash by Vehumet.
 14552 | Orc:1    | Reached *** piety under Vehumet
 14562 | Orc:1    | Reached skill level 5 in Staves
 14628 | Orc:1    | You fall into a shaft and drop 1 floor!
 14628 | Orc:2    | Entered Level 2 of the Orcish Mines
 14631 | Orc:2    | Found a staircase to the Elven Halls.
 14650 | Orc:2    | Found a gate leading to a gauntlet.
 14662 | Gauntlet | Entered a Gauntlet
 14662 | Gauntlet | Found a transporter.
 14662 | Gauntlet | Found a runed translucent gate.
 14662 | Gauntlet | Found a runed translucent gate.
 14664 | Gauntlet | Found a runed translucent gate.
 14669 | Gauntlet | Found a transporter.
 14671 | Gauntlet | Found a transporter.
 14681 | Gauntlet | Found a transporter.
 14684 | Gauntlet | Found a transporter.
 14694 | Gauntlet | Found a transporter.
 14709 | Gauntlet | Noticed a ghost crab
 14713 | Gauntlet | Found a transporter.
 14721 | Gauntlet | Found a transporter.
 14733 | Gauntlet | Found a transporter.
 14737 | Gauntlet | Noticed a quicksilver ooze
 14738 | Gauntlet | Found a transporter.
 14753 | Gauntlet | Found a transporter.
 14765 | Gauntlet | Found a transporter.
 14767 | Gauntlet | Found a transporter.
 14819 | Gauntlet | Found a transporter.
 15145 | Gauntlet | Noticed a minotaur
 15152 | Gauntlet | Killed a minotaur
 15153 | Gauntlet | Reached XP level 13. HP: 85/85 MP: 6/26
 15420 | Orc:1    | Offered knowledge of Ignite Poison by Vehumet.
 15552 | Orc:2    | Reached skill level 10 in Spellcasting
 15896 | Orc:1    | Reached **** piety under Vehumet
 16037 | Orc:2    | Offered knowledge of Fulminant Prism by Vehumet.
 16115 | Orc:2    | Found a burning altar of Makhleb.
 16148 | Orc:2    | Noticed Donald
 16180 | Orc:2    | Slain by Donald

Illustrated notes

Levels and vault maps discovered:
D:1:      spicycebolla_green_bress_n_ham, layout_basic, nicolae_shop_vocational
D:2:      layout_basic
D:3:      layout_loops_corners, fedhas_altar_3,
          shapermc_ecumenical_altar_flowoftime, kennysheep_generic_room_10
D:4:      layout_basic, lemuel_round_altar, gammafunk_ghost_stat_death,
          nicolae_elevator_lobby_asterisk
D:5:      layout_loops_ring, serial_shops, nicolae_shop_overgrown_old_shop
D:6:      layout_basic, nicolae_qazlal_style_of_elements,
          minmay_temple_entry_arrows, kennysheep_nub, kennysheep_generic_room_6
D:7:      layout_basic, chequers_hall_statues_y
D:8:      layout_loops_corners, uniq_prince_ribbit1
D:9:      lemuel_ice_spiral_2, layout_basic, enter_bailey_5, minmay_misc_feat_x
D:10:     layout_roguey [special_room_bee], kennysheep_mini_moat,
          minmay_lair_entry_grove, uniq_amaemon
D:11:     layout_roguey, uniq_maurice, uniq_fannar, uniq_sonja
D:12:     layout_gridville, orc_0_dummy, uniq_jorgrun, uniq_nergalle
Temple:   mainiacjoe_temple_bowtie_tessellation
Orc:1:    layout_diamond_mine, basic_altar
Orc:2:    st_orc_open, layout_caves, gauntlet_entry_generic, basic_altar,
          uniq_donald

Skill      XL: |  1  2  3  4  5  6  7  8  9 10 11 12 13 |
---------------+----------------------------------------+-----
Earth Magic    | 4 5 8 10 | 10.0
Conjurations   | 1 2 3 5 8 10 11 | 11.0
Shields        | 1 2 3 4 |  4.0
Spellcasting   | 3 4 5 6 7 8 9 10 | 10.3
Poison Magic   | 1 2 |  2.0
Air Magic      | 1 2 3 |  3.0
Fighting       | 3 6 8 9 |  9.0
Dodging        | 3 5 6 7 |  7.1
Transmutations | 1 3 |  3.0
Staves         | 6 8 |  8.1
Stealth        | |  2.1

Action                     |  1- 3 |  4- 6 |  7- 9 | 10-12 | 13-15 || total
---------------------------+-------+-------+-------+-------+-------++-------
  Melee: Dagger            |    26 |       |       |       |       ||    26
         Punch             |     2 |       |       |       |       ||     2
         Hand axe          |    36 |       |       |       |       ||    36
         Short sword       |       |    14 |    35 |   281 |       ||   330
         Unarmed           |       |     1 |       |       |       ||     1
         Staff             |       |       |       |    14 |    33 ||    47
   Cast: Sandblast         |    29 |    94 |     6 |     1 |       ||   130
         Mephitic Cloud    |       |     2 |       |     5 |     3 ||    10
         Stone Arrow       |       |     1 |   104 |   360 |   110 ||   575
         Petrify           |       |       |       |     5 |     1 ||     6
  Evoke: Wand              |       |       |       |     1 |     2 ||     3
    Use: Scroll            |     1 |     2 |    12 |    14 |     1 ||    30
         Potion            |       |     5 |       |     3 |       ||     8
   Stab: Sleeping          |     1 |       |       |       |       ||     1
         Confused          |       |       |       |     4 |       ||     4
 Armour: Robe              |    27 |    21 |     7 |       |       ||    55
         Skin              |       |     8 |       |       |       ||     8
         Steam dragon scal |       |       |     6 |   211 |    48 ||   265
  Dodge: Dodged            |    59 |    29 |    20 |   409 |   114 ||   631
  Block: Buckler           |       |       |    11 |   118 |    19 ||   148

Table legend: (Time is in decaauts)
 A = Elapsed time spent in this place.
 B = Non-inter-level travel time spent in this place.
 C = Inter-level travel time spent in this place.
 D = Time resting spent in this place.
 E = Time spent auto-exploring this place.
 F = Levels seen in this place.
 G = Mean time per level.
                   A        B        C        D        E       F      G
               +--------+--------+--------+--------+--------+-----+--------+
         Total |  16279 |  15830 |    449 |   2437 |  10479 |  17 |  957.6 |
       Dungeon |  13491 |  13092 |    399 |   1412 |   9606 |  12 | 1124.2 |
        Temple |    244 |    214 |     30 |      0 |    202 |   1 |  244.0 |
  Orcish Mines |   1062 |   1042 |     20 |    466 |    181 |   2 |  531.0 |
        Bailey |    875 |    875 |      0 |    475 |    171 |   1 |  875.0 |
      Gauntlet |    605 |    605 |      0 |     84 |    319 |   1 |  605.0 |
               +--------+--------+--------+--------+--------+-----+--------+

Top non-repeatable levels by time:
     D:4: 1675 daAuts
     D:8: 1535 daAuts
     D:5: 1513 daAuts
    D:10: 1450 daAuts
     D:6: 1348 daAuts
     D:9: 1338 daAuts
     D:3: 1253 daAuts
    D:11: 877 daAuts
  Bailey: 875 daAuts
     D:7: 875 daAuts
   Orc:1: 714 daAuts
     D:1: 629 daAuts
Gauntlet: 605 daAuts
     D:2: 569 daAuts
    D:12: 424 daAuts
